 Dungeon Crawl Stone Soup version 0.24.0-37-gcf1ca852f1 (webtiles) character file.

Game seed: 13395127730784006744, levelgen mode: deterministic

707 theswoord the Shield-Bearer (level 7, -13/52 HPs)
             Began as a Demonspawn Fighter on Nov 24, 2019.
             Mangled by an ogre
             ... wielding a +0 giant club
              (19 damage)
             ... on level 4 of the Dungeon.
             The game lasted 00:04:06 (3294 turns).

theswoord the Shield-Bearer (Demonspawn Fighter)    Turns: 3294, Time: 00:04:07

Health: -13/52     AC:  8    Str: 16    XL:     7   Next: 40%
Magic:  7/7        EV:  7    Int:  9    God:
Gold:   200        SH: 10    Dex: 15    Spells: 6/6 levels left

rFire    . . .     SeeInvis .   a - +0 war axe
rCold    . . .     Gourm    .   c - +0 shield
rNeg     . . .     Faith    .   b - +0 scale mail
rPois    .         Spirit   .   (no helmet)
rElec    .         Reflect  .   (no cloak)
rCorr    .         Harm     .   (no gloves)
MR       .....                  (no boots)
Stlth    ..........             (no amulet)
HPRegen  0.17/turn              (no ring)
MPRegen  0.10/turn              (no ring)

@: no status effects
A: claws 1, iridescent scales 1, powered by death 1
a: no special abilities


You were on level 4 of the Dungeon.
You were not hungry.

You visited 1 branch of the dungeon, and saw 4 of its levels.

You collected 200 gold pieces.

Inventory:

Hand Weapons
 a - a +0 war axe (weapon)
Armour
 b - a +0 scale mail (worn)
 c - a +0 shield (worn)
 h - a cursed +0 scale mail
Wands
 t - a wand of disintegration (1)
Scrolls
 e - a scroll of amnesia {unknown}
 i - 5 scrolls of identify {unknown}
 j - a scroll of teleportation {unknown}
 l - a scroll of fear {unknown}
 n - a scroll of fog {unknown}
 q - a scroll of enchant armour {unknown}
Potions
 g - 2 potions of lignification
 k - a potion of haste {unknown}
 m - 3 potions of heal wounds {unknown}
 o - a potion of resistance {unknown}
 p - a potion of brilliance {unknown}
 s - a potion of mutation {unknown}
Comestibles
 d - 14 chunks of flesh
 f - 5 rations


   Skills:
 - Level 3.0 Fighting
 + Level 5.5 Axes
 - Level 2.6 Armour
 + Level 5.9 Shields


You had 6 spell levels left.
You didn't know any spells.
Your spell library was empty.

Dungeon Overview and Level Annotations

Branches:
Dungeon (4/15)
 Temple: D:4-7

Altars:
Vehumet


Innate Abilities, Weirdness & Mutations

You have sharp fingernails.
You are partially covered in iridescent scales. (AC +2)
You regenerate a little health from kills.


Message History

You see here a hound skeleton. x2
An ogre comes into view. It is wielding a +0 giant club.
An ogre is nearby!
An ogre is nearby!
You open the door.
The ogre is too close now for your liking.
You hit the ogre.
The ogre is lightly wounded.
The ogre hits you with a +0 giant club!!
You hit the ogre but do no damage.
The ogre is lightly wounded.
The ogre barely misses you.
You slash the ogre!
The ogre is heavily wounded.
The ogre hits you with a +0 giant club!!
* * * LOW HITPOINT WARNING * * *
Your shield and scale mail prevent you from hitting the ogre.
The ogre is heavily wounded.
The ogre hits you with a +0 giant club!!
You die...

#.#....>..................
#.#.###.########...#..#...
#.#.# #)# #...#......
#.#.###.# #...#.####.
#.#...#.# #.. #.# #.
#.###.#.########. #.# #.
#................ #.# #.
#####.#.######### #.# .
#....@O.....# #.#
###'###.....# #. ... ....+
#... ...# #... ### #...
#... #...


You could see an ogre.

Vanquished Creatures
  Sigmund (D:2)
  An ogre (D:4)
  A centaur (D:3)
  3 orc priests (D:4)
  A hound (D:4)
  Terence (D:2)
  A worker ant (D:4)
  7 gnolls
  5 adders
  3 oozes
  2 dart slugs
  3 leopard geckos
  7 orcs (D:3)
  11 bats
  4 giant cockroaches
  6 goblins
  6 hobgoblins
  8 jackals
  5 kobolds
  2 quokkas (D:3)
  A ball python (D:3)
  3 frilled lizards (D:1)
  7 rats
89 creatures vanquished.

Notes
Turn   | Place    | Note
-------+----------+-------------------------------------------
     0 | D:1      | theswoord the Demonspawn Fighter began the quest for the
                  | Orb.
     0 | D:1      | Reached XP level 1. HP: 18/18 MP: 1/1
   106 | D:1      | Gained mutation: You regenerate a little health from kills.
                  | [demonic ancestry]
   106 | D:1      | Reached XP level 2. HP: 19/24 MP: 2/2
   654 | D:2      | Found a radiant altar of Vehumet.
   762 | D:2      | Reached XP level 3. HP: 29/29 MP: 3/3
  1053 | D:2      | Noticed Terence
  1069 | D:2      | Killed Terence
  1069 | D:2      | Gained mutation: You have sharp fingernails. [demonic
                  | ancestry]
  1069 | D:2      | Reached XP level 4. HP: 8/35 MP: 4/4
  1363 | D:2      | Noticed Sigmund
  1370 | D:2      | Killed Sigmund
  1370 | D:2      | Gained mutation: You are partially covered in iridescent
                  | scales. (AC +2) [demonic ancestry]
  1370 | D:2      | Reached XP level 5. HP: 32/41 MP: 5/5
  1835 | D:3      | Reached XP level 6. HP: 35/47 MP: 6/6
  1879 | D:3      | Reached skill level 5 in Shields
  2719 | D:4      | Reached skill level 5 in Axes
  3020 | D:4      | Reached XP level 7. HP: 52/52 MP: 7/7
  3294 | D:4      | Mangled by an ogre

Skill      XL: |  1  2  3  4  5  6 |
---------------+-------------------+-----
Axes           | 2 3 4 5 |  5.5
Shields        | 3 4 5 |  5.9
Fighting       | |  3.0
Armour         | |  2.6

Action                   |  1- 3 |  4- 6 |  7- 9 || total
-------------------------+-------+-------+-------++-------
Melee: War axe           |    90 |   128 |    44 ||   262
Evoke: Wand              |       |       |     2 ||     2
  Use: Potion            |     1 |     3 |     1 ||     5
       Scroll            |       |     2 |       ||     2
  Eat: Chunk             |     1 |     5 |     2 ||     8
Armor: Scale mail        |    49 |    67 |    17 ||   133
       Skin              |     3 |       |       ||     3
Dodge: Dodged            |    21 |    45 |    33 ||    99
Block: Shield            |    51 |    92 |    29 ||   172

Levels and vault maps discovered:
D:1:      mrwooster_arrival_statue, layout_basic, chequers_serial_rivers_micro_b
D:2:      layout_basic, fiery_altar_vehumet, uniq_sigmund, uniq_terence
D:3:      minmay_chambers_of_threes, layout_rooms, st_stairs_1
D:4:      layout_basic
